 Dungeon Crawl Stone Soup version 0.24-a0-520-g8fd06ad0bc (webtiles) character file.

Game seed: 11933453355847299722

531 Azzok the Ruffian (level 7, -1/78 HPs)
             Began as a White Draconian Transmuter on July 25, 2019.
             Was an Initiate of Gozag.
             Succumbed to a big kobold's poison
             ... on level 4 of the Dungeon.
             The game lasted 00:05:37 (5707 turns).

Azzok the Ruffian (White Draconian Transmuter)      Turns: 5707, Time: 00:05:38

Health: -1/78      AC:  7    Str: 17    XL:     7   Next: 3%
Magic:  10/13      EV: 13    Int: 21    God:    Gozag
Gold:   199        SH:  0    Dex: 11    Spells: 10/14 levels left

rFire    . . .     SeeInvis .     - Unarmed
rCold    + . .     Gourm    .   (no shield)
rNeg     . . .     Faith    .   (armour unavailable)
rPois    .         Spirit   .   (helmet restricted)
rElec    .         Reflect  .   b - scarf {repulsion}
rCorr    .         Harm     .   (no gloves)
MR       .....                  d - +0 pair of boots
Stlth    ..........             (no amulet)
HPRegen  0.23/turn              (no ring)
MPRegen  0.13/turn              (no ring)

@: mighty, brilliant, berserking, lethally poisoned (-1 -> -56), gold aura,
hasted, repel missiles, very quick
A: breathe frost, unfitting armour, cold resistance 1, cold-blooded, AC +6
a: Breathe Frost, Potion Petition, Call Merchant, Bribe Branch, Renounce
Religion


You were on level 4 of the Dungeon.
You worshipped Gozag.
Gozag was aware of your devotion.
You were not hungry.

You visited 1 branch of the dungeon, and saw 4 of its levels.

You collected 277 gold pieces.
You paid 78 gold pieces to Gozag.

Inventory:

Missiles
 a - 95 arrows
Armour
 b - a scarf of repulsion (worn)
 d - a +0 pair of boots (worn)
Jewellery
 m - a +4 ring of dexterity {unknown}
Scrolls
 e - 2 scrolls of identify {unknown}
 i - 5 scrolls of teleportation {unknown}
 j - 2 scrolls of remove curse {unknown}
 k - 2 scrolls of amnesia {unknown}
 n - a scroll of enchant weapon {unknown}
Potions
 f - a potion of berserk rage {unknown}
 g - a potion of resistance {unknown}
 h - a potion of might
 l - a potion of curing {unknown}
 o - a potion of heal wounds {unknown}
Comestibles
 c - 8 rations


   Skills:
 - Level 1.1 Fighting
 + Level 3.0 Dodging
 + Level 5.0 Unarmed Combat
 + Level 4.1 Spellcasting
 + Level 4.3 Transmutations


You had 10 spell levels left.
You knew the following spells:

 Your Spells              Type           Power        Failure   Level  Hunger
a - Beastly Appendage     Tmut           #####.       1%          1    None
b - Spider Form           Tmut/Pois      ####......   1%          3    ###....

Your spell library contained the following spells:

 Spells                   Type           Power        Failure   Level  Hunger
 Sticks to Snakes         Tmut           #####...     1%          2    #......
 Ice Form                 Ice/Tmut       ####....     5%          4    ####...
 Blade Hands              Tmut           #####.....   6%          5    ######.


Dungeon Overview and Level Annotations

Branches:
Dungeon (4/15)
 Temple: D:4-7

Altars:
Gozag
Qazlal
Trog
Vehumet


Innate Abilities, Weirdness & Mutations

You can breathe waves of freezing cold.
You can buffet flying creatures when you breathe cold.
Your icy white scales are hard. (AC +6)
You cannot fit into any form of body armour.
Your flesh is cold resistant. (rC+)
You are cold-blooded and may be slowed by cold attacks.


Message History

The big kobold hits you but does no damage.
You are more poisoned.
You closely miss the big kobold.
The big kobold is heavily wounded.
* * * LOW HITPOINT WARNING * * *
You feel very sick. The kobold misses you.
You miss the big kobold.
The big kobold is heavily wounded.
* * * LOW HITPOINT WARNING * * *
You feel sick. The big kobold closely misses you.
You barely miss the big kobold.
The big kobold is heavily wounded.
* * * LOW HITPOINT WARNING * * *
You feel very sick. The kobold hits you but does no damage.
You closely miss the big kobold.
Your tail-slap misses the big kobold.
The big kobold is heavily wounded.
You die...
Your body crumbles into a pile of gold.

▒▒▒▒▒▒▒·▒▒ ▒·▒▒·▒ ▒········▒▒
▒·▒▒·· ▒·▒▒▒▒▒▒··▒ ▒·▒▒▒▒ ▒·▒
▒▒·▒▒ ▒···▒▒ ▒)▒ ▒▒··▒▒▒
▒▒▒▒▒▒·▒▒ ▒·▒
▒·····▒▒▒≈≈≈≈≈··· ▒▒▒▒▒▒▒·▒
▒▒▒▒▒▒▒··▒▒≈≈≈≈≈≈≈≈·
▒·······▒▒▒·K$··▒▒▒≈≈≈≈≈≈≈≈▒▒▒
▒·▒▒▒▒▒)····(@K···▒▒▒▒▒▒≈▒▒▒
▒·▒ ▒··(·▒▒▒▒▒······ ▒▒▒ ▒·▒
▒▒·▒▒▒▒≈≈≈▒▒▒···· ·K· ▒▒ ▒·▒
▒··▒≈≈≈≈≈≈≈≈▒▒▒▒▒▒···▒▒▒· ▒·▒
▒·▒▒▒≈≈≈≈≈≈≈≈≈···▒▒▒▒▒··· ▒·▒
▒·▒ ▒▒▒≈≈≈▒▒▒·······>··▒▒ ▒·▒
▒·▒ ▒▒▒▒▒ ▒▒··········· ▒·▒
▒▒·▒ ▒··········▒▒ ▒·▒ ▒··▒
▒·····>····▒


You could see a big kobold and a kobold.

Vanquished Creatures
  An ice beast (D:4)
  A big kobold (D:4)
  A scorpion (D:4)
  A centaur skeleton (D:4)
  Jessica (D:2)
  An iguana (D:4)
  3 worker ants (D:4)
  Robin (D:2)
  4 adders
  2 oozes
  4 worms
  2 dart slugs
  A leopard gecko (D:3)
  8 orcs (D:4)
  4 giant cockroaches (D:1)
  16 goblins
  12 hobgoblins
  2 jackals (D:4)
  11 kobolds
  3 quokkas
  3 ball pythons (D:1)
  10 bats
  3 frilled lizards
  A jackal skeleton (D:4)
  A quokka skeleton (D:4)
  6 rats
103 creatures vanquished.

Notes
Turn   | Place    | Note
-------+----------+-------------------------------------------
     0 | D:1      | Azzok the Draconian Transmuter began the quest for the Orb.
     0 | D:1      | Reached XP level 1. HP: 16/16 MP: 3/3
   356 | D:1      | Reached XP level 2. HP: 23/23 MP: 5/5
  1050 | D:2      | Noticed Jessica
  1056 | D:2      | Killed Jessica
  1056 | D:2      | Reached XP level 3. HP: 28/28 MP: 7/7
  1135 | D:2      | Learned a level 3 spell: Spider Form
  1535 | D:2      | Reached XP level 4. HP: 31/35 MP: 4/8
  2296 | D:2      | Reached skill level 4 in Unarmed Combat
  2368 | D:2      | Noticed Robin
  2420 | D:2      | Killed Robin
  3071 | D:3      | Reached XP level 5. HP: 37/40 MP: 9/9
  4354 | D:4      | Reached XP level 6. HP: 29/47 MP: 8/11
  4808 | D:4      | Found a bloodstained altar of Trog.
  4808 | D:4      | Found a stormy altar of Qazlal.
  4821 | D:4      | Found an opulent altar of Gozag.
  4821 | D:4      | Found a radiant altar of Vehumet.
  5058 | D:4      | Noticed an ice beast
  5072 | D:4      | Killed an ice beast
  5352 | D:4      | Became a worshipper of Gozag Ym Sagoz the Greedy
  5696 | D:4      | HP: 1/47 [poisoned by a big kobold]
  5699 | D:4      | Reached skill level 5 in Unarmed Combat
  5699 | D:4      | Your scales start taking on an icy white colour.
  5699 | D:4      | Reached XP level 7. HP: 23/52 MP: 9/13
  5699 | D:4      | Gained mutation: Your flesh is cold resistant. (rC+) [White
                  | Draconian growth]
  5706 | D:4      | HP: 2/78 [poisoned by a big kobold]
  5707 | D:4      | Succumbed to a big kobold's poison

Levels and vault maps discovered:
D:1:      dpeg_chamrin_arrival_tetris, layout_basic, minmay_tromino_mix6
D:2:      minmay_recursive_quarters, layout_basic, first_ration, uniq_robin,
          uniq_jessica
D:3:      layout_basic
D:4:      cheibrodos_thug_alley, layout_rooms, grunt_temple_overflow_open

Skill      XL: |  1  2  3  4  5  6 |
---------------+-------------------+-----
Transmutations | 3 4 |  4.3
Spellcasting   | 3 4 |  4.1
Unarmed Combat | 4 5 |  5.0
Dodging        | 2 3 |  3.0
Fighting       | |  1.1

Action                   |  1- 3 |  4- 6 |  7- 9 || total
-------------------------+-------+-------+-------++-------
Melee: Unarmed           |   108 |   247 |     8 ||   363
       Tailslap          |     9 |    10 |       ||    19
       Headbutt          |     2 |     2 |       ||     4
       Punch             |     1 |     2 |       ||     3
 Cast: Beastly Appendage |     8 |     2 |       ||    10
       Spider Form       |     1 |    20 |       ||    21
Invok: Potion Petition   |       |     1 |       ||     1
  Use: Potion            |       |     1 |       ||     1
 Stab: Sleeping          |       |     1 |       ||     1
  Eat: Chunk             |     2 |    14 |       ||    16
       Ration            |       |     1 |       ||     1
Armor: Skin              |    43 |    56 |     2 ||   101
Dodge: Dodged            |    87 |   189 |     6 ||   282
       Deflected         |       |     2 |       ||     2

Table legend:
 A = Non-vault XP
 B = Vault XP
 C = Vault XP percentage of total XP
 D = Non-vault monster count
 E = Vault monster count
 F = Vault count percentage of total count
                 A         B        C        D         E       F
            +---------+---------+-------+---------+---------+-------
      Total |     548 |     211 |  27.8 |      72 |      31 |  30.1
            +---------+---------+-------+---------+---------+-------
        D:1 |      32 |       3 |   8.6 |      20 |       2 |   9.1
        D:2 |      49 |     106 |  68.4 |      15 |      23 |  60.5
        D:3 |      22 |       0 |   0.0 |      13 |       0 |   0.0
        D:4 |     445 |     102 |  18.6 |      24 |       6 |  20.0
            +---------+---------+-------+---------+---------+-------
